| TOP OF THE 1ST |
|
Burlington Royals batting - Pitching for Seattle (APP) Mariners : RHP Jamie Riley
|
|
Pitching: RHP Jamie Riley
|
|
|
Batting: LHB Bobby Gonzalez
|
0-0: Foul Ball, location: 2F 0-1: Foul Ball, location: 2F 0-2: Foul Ball, location: 2F 0-2: SOLO HOME RUN (Flyball, 89XD, EV 99.4 MPH), Distance : 391 ft
|
|
Batting: LHB Mike Bhatti
|
0-0: Ball 1-0: Foul Ball, location: 2F 1-1: Fly out, F8 (Flyball, 89M, EV 93.8 MPH)
|
|
Batting: RHB Nick Julien
|
0-0: Ball 1-0: Ground out 6-3 (Groundball, 6M, EV 85.6 MPH)
|
|
Batting: RHB Phil Hamby
|
0-0: Called Strike 0-1: Called Strike 0-2: Foul Ball, location: 2F 0-2: Foul Ball, location: 2F 0-2: Ball 1-2: Strikes out swinging
|
| Top of the 1st over - 1 run, 1 hit, 0 errors, 0 left on base; Burlington 1 - Seattle (APP) 0 |
| BOTTOM OF THE 1ST |
|
Seattle (APP) Mariners batting - Pitching for Burlington Royals : LHP Butch Ott
|
|
Pitching: LHP Butch Ott
|
|
|
Batting: RHB Heihachiro Fujita
|
0-0: Ball 1-0: Ball 2-0: Foul Ball, location: 2F 2-1: Called Strike 2-2: Strikes out looking
|
|
Batting: RHB Julian Gregory
|
0-0: Ball 1-0: Foul Ball, location: 2F 1-1: Called Strike 1-2: Strikes out swinging
|
|
Batting: RHB John Vasquez
|
0-0: Fly out, F8 (Flyball, 89S, EV 89.4 MPH)
|
| Bottom of the 1st over - 0 runs, 0 hits, 0 errors, 0 left on base; Burlington 1 - Seattle (APP) 0 |
| TOP OF THE 2ND |
|
Burlington Royals batting - Pitching for Seattle (APP) Mariners : RHP Jamie Riley
|
|
Batting: SHB Bill Ertl
|
0-0: Reached on error, E1 (Groundball, 15S, EV 70.6 MPH)
|
|
Batting: LHB Pablo Serrato
|
0-0: Swinging Strike 0-1: Fly out, F9 (Flyball, 9, EV 93.8 MPH)
|
|
Batting: SHB Danny Ballenger
|
0-0: Called Strike 0-1: Fly out, F4 (Line Drive, 4, EV 68.8 MPH) Lined into DP, 4-6 (Line Drive, 4, EV 70.6 MPH)
|
| Top of the 2nd over - 0 runs, 0 hits, 1 error, 0 left on base; Burlington 1 - Seattle (APP) 0 |
| BOTTOM OF THE 2ND |
|
Seattle (APP) Mariners batting - Pitching for Burlington Royals : LHP Butch Ott
|
|
Batting: SHB Ray Skogen
|
0-0: Called Strike 0-1: Ball 1-1: Swinging Strike 1-2: Strikes out looking
|
|
Batting: RHB Victor Rosas
|
0-0: SOLO HOME RUN (Flyball, 7D, EV 103.1 MPH), Distance : 382 ft
|
|
Batting: RHB Kinzo Yokoyama
|
0-0: Ball 1-0: Swinging Strike 1-1: Called Strike 1-2: Strikes out looking
|
|
Batting: RHB Jim Begger
|
0-0: Ball 1-0: Called Strike 1-1: Called Strike 1-2: Ball 2-2: Foul Ball, location: 2F 2-2: DOUBLE (Line Drive, 7LS, EV 100.0 MPH)
|
|
Batting: RHB David Greene
|
0-0: Ball 1-0: Called Strike 1-1: Foul Ball, location: 2F 1-2: Ball 2-2: Foul Ball, location: 2F 2-2: Strikes out swinging
|
| Bottom of the 2nd over - 1 run, 2 hits, 0 errors, 1 left on base; Burlington 1 - Seattle (APP) 1 |
| TOP OF THE 3RD |
|
Burlington Royals batting - Pitching for Seattle (APP) Mariners : RHP Jamie Riley
|
|
Batting: RHB Bobby Matyas
|
0-0: Called Strike 0-1: Called Strike 0-2: Fly out, F9 (Flyball, 9, EV 88.1 MPH)
|
|
Batting: RHB Dave Saldana
|
0-0: Ball 1-0: Ball 2-0: Ground out U3 (Groundball, 3, EV 76.9 MPH)
|
|
Batting: LHB Bobby Gonzalez
|
0-0: Ball 1-0: Swinging Strike 1-1: Ball 2-1: Ball 3-1: Foul Ball, location: 2F 3-2: Strikes out swinging
|
| Top of the 3rd over - 0 runs, 0 hits, 0 errors, 0 left on base; Burlington 1 - Seattle (APP) 1 |
| BOTTOM OF THE 3RD |
|
Seattle (APP) Mariners batting - Pitching for Burlington Royals : LHP Butch Ott
|
|
Batting: RHB Jwahir Pili
|
0-0: Called Strike 0-1: Ball 1-1: Foul Ball, location: 2F 1-2: Strikes out looking
|
|
Batting: RHB Heihachiro Fujita
|
0-0: Called Strike 0-1: Ball 1-1: DOUBLE (Line Drive, 89D, EV 102.5 MPH)
|
|
Batting: RHB Julian Gregory
|
0-0: Ball Wild Pitch! Heihachiro Fujita to third 1-0: Called Strike 1-1: Ball 2-1: Ball 3-1: Foul Ball, location: 2F 3-2: SINGLE (Line Drive, 8LS, EV 103.1 MPH) Heihachiro Fujita scores
|
|
Batting: RHB John Vasquez
|
0-0: Ball 1-0: Foul Ball, location: 2F 1-1: Ball 2-1: Ball 3-1: Fly out, F7 (Line Drive, 78S, EV 93.8 MPH)
|
|
Batting: SHB Ray Skogen
|
0-0: Foul Ball, location: 2F 0-1: Hit by Pitch Julian Gregory to second
|
|
Batting: RHB Victor Rosas
|
0-0: 3-RUN HOME RUN (Line Drive, 7D, EV 99.4 MPH), Distance : 371 ft
|
|
Batting: RHB Kinzo Yokoyama
|
0-0: Ball 1-0: Ball 2-0: Ball 3-0: Base on Balls
|
|
Pitching: RHP Obiniana Gaters
|
|
|
Batting: RHB Jim Begger
|
0-0: Ball 1-0: Fly out, F4 (Line Drive, 4, EV 71.9 MPH)
|
| Bottom of the 3rd over - 4 runs, 3 hits, 0 errors, 1 left on base; Burlington 1 - Seattle (APP) 5 |
| TOP OF THE 4TH |
|
Burlington Royals batting - Pitching for Seattle (APP) Mariners : RHP Jamie Riley
|
|
Batting: LHB Mike Bhatti
|
0-0: Ball 1-0: Fly out, F8 (Flyball, 8LD, EV 81.2 MPH)
|
|
Batting: RHB Nick Julien
|
0-0: Ball 1-0: SOLO HOME RUN (Flyball, 7LD, EV 96.9 MPH), Distance : 347 ft
|
|
Batting: RHB Phil Hamby
|
0-0: Ball 1-0: Swinging Strike 1-1: Called Strike 1-2: Ball 2-2: Ball 3-2: Base on Balls
|
|
Batting: SHB Bill Ertl
|
0-0: Called Strike 0-1: Ball 1-1: Grounds into double play, 4-6-3 (Groundball, 4, EV 91.9 MPH)
|
| Top of the 4th over - 1 run, 1 hit, 0 errors, 0 left on base; Burlington 2 - Seattle (APP) 5 |
| BOTTOM OF THE 4TH |
|
Seattle (APP) Mariners batting - Pitching for Burlington Royals : RHP Obiniana Gaters
|
|
Batting: RHB David Greene
|
0-0: DOUBLE (Line Drive, 7LS, EV 99.4 MPH)
|
|
Batting: RHB Jwahir Pili
|
0-0: Ground out 4-3 (Groundball, 4, EV 102.5 MPH) David Greene to third
|
|
Batting: RHB Heihachiro Fujita
|
0-0: Called Strike 0-1: Called Strike 0-2: Ball 1-2: Strikes out looking
|
|
Batting: RHB Julian Gregory
|
0-0: Fly out, F7 (Flyball, 78M, EV 86.9 MPH)
|
| Bottom of the 4th over - 0 runs, 1 hit, 0 errors, 1 left on base; Burlington 2 - Seattle (APP) 5 |
| TOP OF THE 5TH |
|
Burlington Royals batting - Pitching for Seattle (APP) Mariners : RHP Jamie Riley
|
|
Batting: LHB Pablo Serrato
|
0-0: Called Strike 0-1: Ball 1-1: Swinging Strike 1-2: Ball 2-2: Strikes out swinging
|
|
Batting: SHB Danny Ballenger
|
0-0: Called Strike 0-1: Foul Ball, location: 2F 0-2: Ball 1-2: Foul Ball, location: 2F 1-2: Ball 2-2: Foul Ball, location: 2F 2-2: Ball 3-2: Base on Balls
|
|
Batting: RHB Bobby Matyas
|
0-0: Ball 1-0: Called Strike 1-1: Foul Ball, location: 2F 1-2: SINGLE (Groundball, 6MD, EV 96.2 MPH) Danny Ballenger to second
|
|
Batting: RHB Dave Saldana
|
0-0: Ball 1-0: Called Strike 1-1: Called Strike 1-2: Fielders Choice at 2nd, 6-4 (Groundball, 6, EV 91.2 MPH) Danny Ballenger to third
|
|
Batting: LHB Bobby Gonzalez
|
0-0: Called Strike 0-1: Swinging Strike 0-2: Ball 1-2: 3-RUN HOME RUN (Flyball, 9D, EV 97.5 MPH), Distance : 374 ft
|
|
Pitching: RHP Frank Cabrera
|
|
|
Batting: LHB Mike Bhatti
|
0-0: Ball 1-0: Foul Ball, location: 2F 1-1: Foul Ball, location: 2F 1-2: Foul Ball, location: 2F 1-2: Ball 2-2: Ball 3-2: Foul Ball, location: 2F 3-2: Ground out U3 (Groundball, 3, EV 96.2 MPH)
|
| Top of the 5th over - 3 runs, 2 hits, 0 errors, 0 left on base; Burlington 5 - Seattle (APP) 5 |
| BOTTOM OF THE 5TH |
|
Seattle (APP) Mariners batting - Pitching for Burlington Royals : RHP Obiniana Gaters
|
|
Batting: RHB John Vasquez
|
0-0: Ball 1-0: Called Strike 1-1: Ball 2-1: Foul Ball, location: 2F 2-2: Ground out 5-3 (Groundball, 56D, EV 101.2 MPH)
|
|
Batting: SHB Ray Skogen
|
0-0: Foul Ball, location: 2F 0-1: Ball 1-1: Ball 2-1: Ball 3-1: Ground out 6-3 (Groundball, 4MD, EV 98.8 MPH)
|
|
Batting: RHB Victor Rosas
|
0-0: Ball 1-0: Ball 2-0: Ball 3-0: Called Strike 3-1: Foul Ball, location: 2F 3-2: Base on Balls
|
|
Batting: RHB Kinzo Yokoyama
|
0-0: Ball 1-0: Ball 2-0: Foul Ball, location: 2F 2-1: Foul Ball, location: 2F 2-2: Strikes out looking
|
| Bottom of the 5th over - 0 runs, 0 hits, 0 errors, 1 left on base; Burlington 5 - Seattle (APP) 5 |
| TOP OF THE 6TH |
|
Burlington Royals batting - Pitching for Seattle (APP) Mariners : RHP Frank Cabrera
|
|
Batting: RHB Nick Julien
|
0-0: Ball 1-0: Ball 2-0: Ground out 2-3 (Groundball, 2L, EV 71.9 MPH)
|
|
Batting: RHB Phil Hamby
|
0-0: Ground out 6-3 (Groundball, 6M, EV 101.9 MPH)
|
|
Batting: SHB Bill Ertl
|
0-0: Ground out 4-3 (Groundball, 4MS, EV 73.1 MPH)
|
| Top of the 6th over - 0 runs, 0 hits, 0 errors, 0 left on base; Burlington 5 - Seattle (APP) 5 |
| BOTTOM OF THE 6TH |
|
Seattle (APP) Mariners batting - Pitching for Burlington Royals : RHP Obiniana Gaters
|
|
Batting: RHB Jim Begger
|
0-0: Ball 1-0: Called Strike 1-1: Called Strike 1-2: Ball 2-2: Ball 3-2: Foul Ball, location: 2F 3-2: Base on Balls
|
|
Batting: RHB David Greene
|
0-0: Called Strike 0-1: Ball 1-1: SINGLE (Groundball, 25, EV 68.8 MPH) (infield hit) Jim Begger to second
|
|
Batting: RHB Jwahir Pili
|
0-0: Ball Passed Ball! Jim Begger to third David Greene to second 1-0: Ball 2-0: Ball 3-0: Base on Balls
|
|
Batting: RHB Heihachiro Fujita
|
0-0: Ball 1-0: Ball 2-0: Called Strike 2-1: Ball 3-1: Swinging Strike 3-2: Foul Ball, location: 2F 3-2: Ground out 4-3 (Groundball, 4S, EV 68.8 MPH) Jim Begger scores David Greene to third Jwahir Pili to second
|
|
Pitching: RHP Nam Phong
|
|
|
Batting: RHB Julian Gregory
|
0-0: Ball 1-0: Ball 2-0: Ball 3-0: Called Strike 3-1: Foul Ball, location: 2F 3-2: SINGLE (Groundball, 6D, EV 95.0 MPH) David Greene scores Jwahir Pili to third Runner from 3rd tries for Home, SAFE, throw by CF to home
|
|
Batting: RHB John Vasquez
|
0-0: Ball Julian Gregory is caught stealing 2nd base 2-4 1-0: Swinging Strike 1-1: Foul Ball, location: 2F 1-2: Foul Ball, location: 2F 1-2: Ball 2-2: Foul Ball, location: 2F 2-2: Ball 3-2: Strikes out swinging
|
| Bottom of the 6th over - 3 runs, 2 hits, 0 errors, 0 left on base; Burlington 5 - Seattle (APP) 8 |
| TOP OF THE 7TH |
|
Burlington Royals batting - Pitching for Seattle (APP) Mariners : RHP Frank Cabrera
|
|
Batting: LHB Pablo Serrato
|
0-0: Ball 1-0: Foul Ball, location: 2F 1-1: Fly out, F8 (Flyball, 8RM, EV 90.0 MPH)
|
|
Batting: SHB Danny Ballenger
|
0-0: Ground out 4-3 (Groundball, 4, EV 91.2 MPH)
|
|
Batting: RHB Bobby Matyas
|
0-0: Called Strike 0-1: Ball 1-1: DOUBLE (Groundball, 5L, EV 105.6 MPH)
|
|
Batting: RHB Dave Saldana
|
0-0: Foul Ball, location: 2F 0-1: Ball 1-1: Ground out 6-3 (Groundball, 6, EV 91.2 MPH)
|
| Top of the 7th over - 0 runs, 1 hit, 0 errors, 1 left on base; Burlington 5 - Seattle (APP) 8 |
| BOTTOM OF THE 7TH |
|
Seattle (APP) Mariners batting - Pitching for Burlington Royals : RHP Nam Phong
|
|
Batting: SHB Ray Skogen
|
0-0: Called Strike 0-1: Foul Ball, location: 2F 0-2: Strikes out swinging
|
|
Batting: RHB Victor Rosas
|
0-0: Ball 1-0: Ball 2-0: Ball 3-0: Foul Ball, location: 2F 3-1: Base on Balls
|
|
Batting: RHB Kinzo Yokoyama
|
0-0: Ball 1-0: Foul Ball, location: 2F 1-1: Swinging Strike 1-2: Strikes out swinging
|
|
Batting: RHB Jim Begger
|
0-0: Ball Victor Rosas steals 2nd base 1-0: Called Strike 1-1: Ball 2-1: Foul Ball, location: 2F 2-2: Ball 3-2: Base on Balls
|
|
Batting: RHB David Greene
|
0-0: Ball 1-0: Ball 2-0: Reached on error, E6 (Groundball, 6D, EV 100.6 MPH) Victor Rosas to third Jim Begger to second
|
|
Batting: RHB Jwahir Pili
|
0-0: Called Strike 0-1: Ball 1-1: GRAND SLAM HOME RUN (Line Drive, 7LD, EV 99.4 MPH), Distance : 354 ft
|
|
Batting: RHB Heihachiro Fujita
|
0-0: Called Strike 0-1: Ball 1-1: Ground out 3-1 (Groundball, 34, EV 85.6 MPH)
|
| Bottom of the 7th over - 4 runs, 1 hit, 1 error, 0 left on base; Burlington 5 - Seattle (APP) 12 |
| TOP OF THE 8TH |
|
Burlington Royals batting - Pitching for Seattle (APP) Mariners : RHP Frank Cabrera
|
|
Batting: LHB Bobby Gonzalez
|
0-0: Called Strike 0-1: Foul Ball, location: 2F 0-2: SOLO HOME RUN (Flyball, 9D, EV 103.8 MPH), Distance : 400 ft
|
|
Batting: LHB Mike Bhatti
|
0-0: Ball 1-0: Ball 2-0: Called Strike 2-1: Swinging Strike 2-2: Ball 3-2: Fly out, F9 (Flyball, 9D, EV 96.2 MPH)
|
|
Batting: RHB Nick Julien
|
0-0: Ball 1-0: Ball 2-0: Called Strike 2-1: Ball 3-1: Base on Balls
|
|
Batting: RHB Phil Hamby
|
0-0: Ball 1-0: Ball 2-0: Fielders Choice at 2nd, 3-6 (Groundball, 3S, EV 88.1 MPH)
|
|
Batting: SHB Bill Ertl
|
0-0: Ball 1-0: Called Strike 1-1: Called Strike 1-2: SINGLE (Groundball, 13, EV 84.4 MPH) (infield hit) Phil Hamby to second
|
|
Batting: LHB Pablo Serrato
|
0-0: Called Strike 0-1: Ball 1-1: Ball 2-1: Foul Ball, location: 2F 2-2: Ball 3-2: Foul Ball, location: 2F 3-2: 3-RUN HOME RUN (Flyball, 89XD, EV 107.5 MPH), Distance : 392 ft
|
|
Pitching: RHP Rickey DuMire
|
|
|
Batting: SHB Danny Ballenger
|
0-0: Ball 1-0: Foul Ball, location: 2F 1-1: Foul Ball, location: 2F 1-2: Foul Ball, location: 2F 1-2: Ball 2-2: Foul Ball, location: 2F 2-2: Ground out 6-3 (Groundball, 6, EV 86.2 MPH)
|
| Top of the 8th over - 4 runs, 3 hits, 0 errors, 0 left on base; Burlington 9 - Seattle (APP) 12 |
| BOTTOM OF THE 8TH |
|
Seattle (APP) Mariners batting - Pitching for Burlington Royals : RHP Nam Phong
|
|
Pitching: LHP Ken Milhouse
|
|
|
Batting: RHB Julian Gregory
|
0-0: Ball 1-0: DOUBLE (Line Drive, 7LM, EV 106.9 MPH)
|
|
Batting: RHB John Vasquez
|
0-0: Ball 1-0: Called Strike 1-1: Swinging Strike 1-2: Ball 2-2: Ball 3-2: Strikes out swinging
|
|
Batting: SHB Ray Skogen
|
0-0: Ball 1-0: Fly out, F7 (Flyball, 78D, EV 98.8 MPH)
|
|
Batting: RHB Victor Rosas
|
0-0: Called Strike 0-1: SINGLE (Line Drive, 34, EV 96.2 MPH) Julian Gregory to third Runner from 3rd tries for Home, throw by RF and OUT! 9-2
|
| Bottom of the 8th over - 0 runs, 2 hits, 0 errors, 1 left on base; Burlington 9 - Seattle (APP) 12 |
| TOP OF THE 9TH |
|
Burlington Royals batting - Pitching for Seattle (APP) Mariners : RHP Rickey DuMire
|
|
Pitching: RHP Dave Williams
|
|
|
Batting: RHB Bobby Matyas
|
0-0: Swinging Strike 0-1: Foul Ball, location: 2F 0-2: Strikes out swinging
|
|
Batting: RHB Dave Saldana
|
0-0: Called Strike 0-1: Ball 1-1: Ball 2-1: Foul Ball, location: 2F 2-2: Strikes out swinging
|
|
Batting: LHB Bobby Gonzalez
|
0-0: Ball 1-0: Ball 2-0: Ball 3-0: Base on Balls
|
|
Batting: LHB Mike Bhatti
|
0-0: Ball 1-0: Ball 2-0: Ground out 2-3 (Groundball, 13S, EV 63.8 MPH)
|
| Top of the 9th over - 0 runs, 0 hits, 0 errors, 1 left on base; Burlington 9 - Seattle (APP) 12 |
|